 Dungeon Crawl Stone Soup version 0.32-a0-705-g60f233581c (webtiles) character file.

Game seed: 16227754306172068181

29 cforsyth the Chopper (level 3, 0/31 HPs)
             Began as a Mountain Dwarf Cinder Acolyte on Mar 14, 2024.
             Was a High Priest of Ignis.
             Slain by an adder (3 damage)
             ... on level 3 of the Dungeon.
             The game lasted 00:01:56 (1418 turns).

cforsyth the Chopper (MDCA)                         Turns: 1418, Time: 00:01:56

Health: 0/31       AC:  2    Str: 16    XL:     3   Next: 1%
Magic:  5/5        EV: 10    Int: 16    God:    Ignis [*****.]
Gold:   97         SH:  0    Dex: 11    Spells: 4/4 levels left

rFire   + . .        a - -1 hand axe (flame)
rCold   . . .        (no shield)
rNeg    . . .        b - +0 robe
rPois   .            (no helmet)
rElec   .            (no cloak)
rCorr   .            (no gloves)
SInv    .            (no boots)
Will    .....        (no amulet)
Stlth   +            D - +6 ring of dexterity
HPRegen 0.25/turn    (no ring)
MPRegen 0.09/turn

%: no passive effects
@: lethally poisoned (0 -> -3)
A: runic magic, artefact enchanting
a: Renounce Religion, Fiery Armour, Foxfire Swarm, Rising Flame


You were on level 3 of the Dungeon.
You worshipped Ignis.
Ignis was extremely pleased with you.
You visited 1 branch of the dungeon, and saw 3 of its levels.

You collected 97 gold pieces.


Innate Abilities, Weirdness & Mutations

Your spellcasting is much less encumbered by armour.
You can use scrolls of enchantment on lesser artefacts.


   Skills:
 + Level 3.6 Fighting
 + Level 4.0 Axes
 + Level 1.1 Armour
 + Level 1.3 Spellcasting
 + Level 3.9 Fire Magic


You had 4 spell levels left.
You didn't know any spells.
Your spell library contained the following spells:

 Spells                   Type           Power      Damage    Failure   Level
 Scorch                   Fire           26%        2d6       7%          2
 Freeze                   Ice            4%         1d3       22%         1
 Magic Dart               Conj           4%         1d3       22%         1
 Searing Ray              Conj           2%         2d4       32%         2
 Frozen Ramparts          Ice            2%         1d1       54%         3
 Hailstorm                Conj/Ice       1%         3d5       54%         3
 Fulminant Prism          Conj/Alch      0%         3d5       91%         4

Inventory:

Hand Weapons
 a - a -1 hand axe of flaming (weapon)
Armour
 b - a +0 robe (worn)
Jewellery
 D - a +6 ring of dexterity (left hand)
Scrolls
 c - 2 scrolls of identify {unknown}
 e - a scroll of vulnerability {unknown}
 g - a scroll of revelation {unknown}
 h - 2 scrolls of teleportation {unknown}
 i - a scroll of enchant weapon {unknown}
Potions
 d - 2 potions of invisibility {unknown}
 f - 2 potions of cancellation {unknown}

Dungeon Overview and Level Annotations

Branches:
Dungeon (3/15)

Altars:

#.......# #..
##.###.# ##...
#...##.##......
#.............#
#.<....##......
#..###.....#.#
#....#.......#
#.##.#####.#.#
#. #..@SJ.!# ..
#####.#.# ### #


You could see an adder and an endoplasm.


Message History

* * * LOW HITPOINT WARNING * * *
Unknown command.
You hit the adder. You burn the adder.
The adder is heavily wounded.
You feel sick. The adder barely misses you.
Unknown command.
You miss the adder.
The adder is heavily wounded.
You feel sick. The adder bites you.
* * * LOW HITPOINT WARNING * * *
The adder bites you but does no damage.
Unknown command.
Unknown command.
You closely miss the adder.
The adder is heavily wounded.
You feel sick. The adder closely misses you.
You closely miss the adder.
The adder is heavily wounded.
You feel sick.
You are no longer poisoned.
The adder barely misses you. The adder bites you.
* * * LOW HITPOINT WARNING * * *
You are lethally poisoned!
The adder poisons you!
You miss the adder.
The adder is heavily wounded.
* * * LOW HITPOINT WARNING * * *
You feel sick. The adder bites you.
You die...
Ignis goes out, and joins you in death.

Skill      XL: |  1  2 |
---------------+-------+-----
Armour         | 1 |  1.1
Axes           | 4 |  4.0
Fighting       | |  3.6
Spellcasting   | |  1.3
Fire Magic     | |  3.9

Action                     || total
---------------------------++-------
  Melee: Hand axe          ||    88
 Armour: Robe              ||    70
  Dodge: Dodged            ||    69

Levels and vault maps discovered:
D:1:      kb_arrival_jail, layout_loops_ring,
          dreamdust_ecumenical_altar_drowned_temple, minmay_split_cup_small
D:2:      layout_loops_ring
D:3:      layout_basic, mainiacjoe_overflow_alcove_1, overflow_temple_1_default,
          uniq_sigmund

Notes
Turn   | Place    | Note
-------+----------+-------------------------------------------
     0 | D:1      | cforsyth the Mountain Dwarf Cinder Acolyte began the quest
                  | for the Orb.
     0 | D:1      | Reached XP level 1. HP: 19/19 MP: 2/2
     2 | D:1      | Noticed a draconian
     2 | D:1      | Noticed a naga
     4 | D:1      | Noticed an octopode
     4 | D:1      | Noticed a spriggan
     6 | D:1      | Noticed a felid
     6 | D:1      | Noticed a ghoul
     8 | D:1      | Noticed a tengu
     8 | D:1      | Noticed a demonspawn
    10 | D:1      | Noticed a demigod
    10 | D:1      | Noticed a vine stalker
    12 | D:1      | Noticed an elf
    12 | D:1      | Noticed a human
    14 | D:1      | Noticed a troll
    18 | D:1      | Noticed a barachi
    18 | D:1      | Noticed a formicid
    20 | D:1      | Noticed a djinni
    22 | D:1      | Noticed a vampire
    22 | D:1      | Noticed an armataur
    24 | D:1      | Noticed a merfolk
    24 | D:1      | Noticed a minotaur
    26 | D:1      | Noticed an oni
    26 | D:1      | Noticed a gargoyle
    28 | D:1      | Noticed a dwarf
   357 | D:1      | Found a faded altar of an unknown god.
   490 | D:1      | Reached XP level 2. HP: 25/26 MP: 3/3
  1161 | D:2      | Reached skill level 1 in Armour
  1255 | D:2      | Reached skill level 4 in Axes
  1354 | D:2      | Reached XP level 3. HP: 29/31 MP: 3/5
  1389 | D:2      | You fall into a shaft and drop 1 floor!
  1418 | D:3      | HP: 3/31 [poisoned by an adder]
  1418 | D:3      | Slain by an adder

Vanquished Creatures
  A dart slug (D:2)
  A ball python (D:2)
  2 bats
  2 endoplasms
  3 giant cockroaches
  2 hobgoblins
  2 kobolds (D:1)
  3 quokkas
  2 frilled lizards (D:1)
  2 goblins
  3 rats
  A spectral hobgoblin (D:1)
24 creatures vanquished.

Table legend: (Time is in decaauts)
 A = Elapsed time spent in this place.
 B = Non-inter-level travel time spent in this place.
 C = Inter-level travel time spent in this place.
 D = Time resting spent in this place.
 E = Time spent auto-exploring this place.
 F = Levels seen in this place.
 G = Mean time per level.
                   A        B        C        D        E       F      G
               +--------+--------+--------+--------+--------+-----+--------+
         Total |   1434 |   1372 |     62 |      0 |   1162 |   3 |  478.0 |
       Dungeon |   1434 |   1372 |     62 |      0 |   1162 |   3 |  478.0 |
               +--------+--------+--------+--------+--------+-----+--------+

Top non-repeatable levels by time:
     D:1: 952 daAuts
     D:2: 451 daAuts
     D:3: 30 daAuts

Table legend:
 A = Non-vault XP
 B = Vault XP
 C = Vault XP percentage of total XP
 D = Non-vault monster count
 E = Vault monster count
 F = Vault count percentage of total count
                 A         B        C        D         E       F
            +---------+---------+-------+---------+---------+-------
      Total |      36 |       6 |  14.3 |      20 |       4 |  16.7
            +---------+---------+-------+---------+---------+-------
        D:1 |      14 |       6 |  30.0 |       9 |       4 |  30.8
        D:2 |      22 |       0 |   0.0 |      11 |       0 |   0.0
            +---------+---------+-------+---------+---------+-------
